 Dungeon Crawl Stone Soup version 0.25-a0-435-g4b9beb1 (webtiles) character file.

Game seed: 9919028277815036780, levelgen mode: deterministic

55 Blightor the Charmwright (level 3, -5/16 HPs)
             Began as a Felid Skald on Jan 27, 2020.
             Was a Follower of Zin.
             Slain by an orc
             ... wielding a +0 flail
              (10 damage)
             ... on level 3 of the Dungeon.
             The game lasted 00:08:54 (2886 turns).

Blightor the Charmwright (Felid Skald)              Turns: 2886, Time: 00:08:55

Health: -5/16      AC:  1    Str:  8    XL:     3   Next: 67%
Magic:  4/7        EV: 18    Int: 14    God:    Zin [*.....]
Gold:   53         SH:  0    Dex: 15    Spells: 1/6 levels left
                                        Lives:  0   Deaths: 0

rFire    . . .     SeeInvis +     - Unarmed
rCold    . . .     Gourm    .   (shield unavailable)
rNeg     . . .     Faith    .   (armour unavailable)
rPois    .         Spirit   .   (helmet unavailable)
rElec    .         Reflect  .   (cloak unavailable)
rCorr    .         Harm     .   (gloves unavailable)
MR       .....                  (boots unavailable)
Stlth    ++........             (no amulet)
HPRegen  0.05/turn              (no ring)
MPRegen  0.10/turn              (no ring)

@: very slightly contaminated, quick
A: very small, no armour, no weapons or thrown items, stealth, claws 1, fangs 3,
see invisible, carnivore, speed 1, shaggy fur 1, slow metabolism 1, sharp paws
a: Recite, Donate Gold, Renounce Religion


You were on level 3 of the Dungeon.
You worshipped Zin.
Zin was aware of your devotion.
You were not hungry.

You visited 1 branch of the dungeon, and saw 3 of its levels.

You collected 58 gold pieces.
You donated 5 gold pieces to Zin.

Inventory:

Scrolls
 c - 2 scrolls of noise {unknown}
 e - a scroll of fear {unknown}
 g - 3 scrolls of identify {unknown}
 h - a scroll of remove curse {unknown}
 i - a scroll of enchant weapon {unknown}
 j - a scroll of fog {unknown}
 k - 3 scrolls of enchant armour {unknown}
 m - a scroll of blinking {unknown}
Potions
 a - 2 potions of degeneration {unknown}
 d - 2 potions of curing {unknown}
 f - 3 potions of agility {unknown}
 l - 2 potions of resistance {unknown}
 n - a potion of berserk rage {unknown}
Comestibles
 b - 2 rations


   Skills:
 + Level 2.1 Fighting
 + Level 3.5 Dodging
 * Level 2.1 Stealth
 + Level 2.6 Unarmed Combat
 + Level 2.3 Spellcasting
 + Level 4.1 Charms


You had one spell level left.
You knew the following spells:

 Your Spells              Type           Power        Failure   Level  Hunger
a - Infusion              Chrm           ##..         4%          1    #......
b - Shroud of Golubria    Chrm/Tloc      #.....       16%         2    ###....
c - Song of Slaying       Chrm           ##......     6%          2    ###....

Your spell library contained the following spells:

 Spells                   Type           Power        Failure   Level  Hunger
 Ozocubu's Armour         Chrm/Ice       #.......     30%         3    ###....
 Spectral Weapon          Hex/Chrm       Unusable     N/A         3    N/A

Dungeon Overview and Level Annotations

Branches:
Dungeon (3/15)

Altars:
Zin


Innate Abilities, Weirdness & Mutations

You cannot wear armour.
You are incapable of wielding weapons or throwing items.
Your paws allow you to move quietly. (Stealth)
You have sharp claws.
You have razor-sharp teeth.
You have supernaturally acute eyesight. (SInv)
You are carnivorous and can eat meat at any time.
You cover ground quickly.
You are covered in fur. (AC +1)
You have a slow metabolism.
Your sharp claws are effective at attacking unaware monsters.


Message History

The orc closely misses you.
You barely miss the orc wizard. Your bite misses the orc wizard.
The orc wizard is lightly wounded.
The orc wizard barely misses you. The orc closely misses you.
You scratch the orc wizard.
The orc wizard is heavily wounded.
You scratch the orc.
The orc is severely wounded.
The orc closely misses you.
Your shroud bends the orc wizard's attack away.
You barely miss the orc wizard. Your bite misses the orc wizard.
The orc wizard is heavily wounded.
The orc hits you with a +0 hand axe. The orc misses you.
The orc wizard hits you with a +0 dagger.
Your shroud falls apart!
You barely miss the orc wizard.
The orc wizard is heavily wounded.
The orc misses you. The orc hits you with a +0 flail!
Ouch! That really hurt!
You die...

###.### #.# #.#
#.. #.# #># ##
#.# #.# .. #.#
#.# .#
#.#######.##o.###
####
#..........o.....
.....
#########.######
#.... #...oo@..#
#.... #.#..oo<.#
+.... # ######..#
#.... ....! #....
###.## #.... ..
...^. .# .#+## .


You could see an orc wizard and 3 orcs.

Vanquished Creatures
  An adder (D:2)
  2 worms (D:2)
  A dart slug (D:2)
  2 leopard geckos
  5 bats
  A giant cockroach (D:2)
  4 goblins
  A hobgoblin (D:1)
  7 jackals
  A frilled lizard (D:2)
  5 kobolds
  6 rats
36 creatures vanquished.

Notes
Turn   | Place    | Note
-------+----------+-------------------------------------------
     0 | D:1      | Blightor the Felid Skald began the quest for the Orb.
     0 | D:1      | Reached XP level 1. HP: 9/9 MP: 4/4
   304 | D:1      | Reached XP level 2. HP: 4/13 MP: 6/6
  1029 | D:1      | Reached skill level 4 in Charms
  1245 | D:2      | Reached skill level 1 in Stealth
  1344 | D:2      | Reached XP level 3. HP: 8/16 MP: 7/7
  1875 | D:2      | Learned a level 2 spell: Shroud of Golubria
  1878 | D:2      | Learned a level 2 spell: Song of Slaying
  2361 | D:2      | Found a faded altar of an unknown god.
  2391 | D:2      | Became a worshipper of Zin the Law-Giver
  2391 | D:2      | Reached * piety under Zin
  2886 | D:3      | Slain by an orc

Levels and vault maps discovered:
D:1:      lightli_arrival_lavapool, layout_loops_corners
D:2:      layout_basic, chequers_ecumenical_altar_simple_redux
D:3:      layout_basic, overflow_temple_1_default, nicolae_ru_awakened_eye,
          first_ration

Skill      XL: |  1  2  3 |
---------------+----------+-----
Charms         | 4 |  4.1
Stealth        | 1 2 |  2.1
Fighting       | |  2.1
Dodging        | |  3.5
Unarmed Combat | |  2.6
Spellcasting   | |  2.3

Action                   || total
-------------------------++-------
Melee: Unarmed           ||   114
       Punch             ||     1
       Bite              ||     2
 Cast: Infusion          ||     4
       Shroud of Golubri ||     2
 Stab: Sleeping          ||    14
  Eat: Chunk             ||     6
Armor: Skin              ||     5
Dodge: Dodged            ||    83

Table legend:
 A = Non-vault XP
 B = Vault XP
 C = Vault XP percentage of total XP
 D = Non-vault monster count
 E = Vault monster count
 F = Vault count percentage of total count
                 A         B        C        D         E       F
            +---------+---------+-------+---------+---------+-------
      Total |      79 |       0 |   0.0 |      36 |       0 |   0.0
            +---------+---------+-------+---------+---------+-------
        D:1 |      24 |       0 |   0.0 |      14 |       0 |   0.0
        D:2 |      50 |       0 |   0.0 |      19 |       0 |   0.0
        D:3 |       5 |       0 |   0.0 |       3 |       0 |   0.0
            +---------+---------+-------+---------+---------+-------
